[ AOE2 MATCH · #495655203 ]
UnrankedChinese vs Tupi
Player's team · WIN
Rival team · LOSS
[ REPLAY ANALYSIS · EXTRACTED FROM THE RECORDED GAME ]
Feudal
8:50
Castle
23:39
Imperial
41:54
| APM avg | 117.0 |
| APM peak | 190 |
| eAPM avg | 63.7 |
| Villagers / military | 252 / 168 |
Focus
⚔️ 72.9% · 🌾 27.1%
Cavalry Archer ×82 · Archer ×40 · Scout Cavalry ×36 · Trebuchet (Packed) ×5 · Iron Pagoda ×4 · Monk ×1
Feudal
10:41
Castle
27:08
Imperial
43:50
| APM avg | 40.9 |
| APM peak | 77 |
| eAPM avg | 28.7 |
| Villagers / military | 125 / 7 |
Focus
⚔️ 45.4% · 🌾 54.6%
Unknown (2550) ×84 · Unknown (2579) ×8 · Monk ×4 · Trebuchet (Packed) ×2 · Spearman ×1
Match map
Initial resources + every placement click. Lines = walls · curves = elevation contours. ◆ gold · ⬟ stone · ● berries · ✦ relic · ◌ wall gap
Your base· Open — unwalled flank
gupo57's base· Open — unwalled flank
Smoothed initial terrain · ◌ = detected wall gap · hover for details
Inputs per minute
— alphaa - - gupo57
Build order — alphaa
First 150 of 651 actions detected
| 0:01 | Research | Loom |
| 0:01 | Research | Loom |
| 0:43 | Queue | Villager (Male) |
| 0:44 | Queue | Villager (Male) |
| 1:09 | Queue | Villager (Male) |
| 1:35 | Queue | Villager (Male) |
| 2:03 | Queue | Villager (Male) |
| 2:30 | Queue | Villager (Male) |
| 2:44 | Build | Lumber Camp |
| 2:53 | Queue | Villager (Male) |
| 2:53 | Queue | Villager (Male) |
| 3:16 | Queue | Villager (Male) |
| 3:16 | Queue | Villager (Male) |
| 3:29 | Build | House |
| 3:30 | Build | House |
| 3:33 | Queue | Villager (Male) |
| 4:01 | Queue | Villager (Male) |
| 4:18 | Queue | Villager (Male) |
| 4:53 | Queue | Villager (Male) |
| 5:10 | Queue | Villager (Male) |
| 5:11 | Build | Mill |
| 5:23 | Queue | Villager (Male) |
| 6:37 | Research | Feudal Age |
| 7:15 | Build | Mining Camp |
| 8:01 | Build | Barracks |
| 8:03 | Queue | Villager (Male) |
| 8:41 | Queue | Villager (Male) |
| 8:50 | Age | Feudal Age |
| 8:52 | Queue | Villager (Male) |
| 8:56 | Queue | Villager (Male) |
| 9:07 | Queue | Villager (Male) |
| 9:08 | Build | Stable |
| 9:12 | Queue | Villager (Male) |
| 9:28 | Build | House |
| 9:39 | Research | Double-Bit Axe |
| 9:39 | Research | Double-Bit Axe |
| 9:39 | Queue | Villager (Male) |
| 9:53 | Queue | Scout Cavalry |
| 9:59 | Queue | Villager (Male) |
| 10:05 | Queue | Villager (Male) |
| 10:08 | Build | Farm |
| 10:10 | Queue | Villager (Male) |
| 10:17 | Queue | Scout Cavalry |
| 10:21 | Queue | Villager (Male) |
| 10:26 | Build | House |
| 10:34 | Queue | Villager (Male) |
| 10:39 | Build | Farm |
| 11:02 | Queue | Villager (Male) |
| 11:03 | Build | Watch Tower |
| 11:04 | Queue | Villager (Male) |
| 11:04 | Queue | Villager (Male) |
| 11:16 | Queue | Villager (Male) |
| 11:20 | Queue | Villager (Male) |
| 11:23 | Build | Archery Range |
| 11:24 | Queue | Villager (Male) |
| 11:24 | Queue | Villager (Male) |
| 11:47 | Queue | Scout Cavalry |
| 11:49 | Queue | Villager (Male) |
| 11:58 | Queue | Villager (Male) |
| 11:58 | Queue | Villager (Male) |
| 11:58 | Queue | Villager (Male) |
| 12:14 | Build | Farm |
| 12:17 | Queue | Villager (Male) |
| 12:21 | Build | House |
| 12:23 | Build | House |
| 12:23 | Queue | Archer |
| 12:30 | Queue | Scout Cavalry |
| 12:36 | Queue | Villager (Male) |
| 12:38 | Build | Farm |
| 12:39 | Build | Farm |
| 12:47 | Queue | Archer |
| 13:22 | Queue | Scout Cavalry |
| 13:22 | Queue | Scout Cavalry |
| 13:22 | Queue | Scout Cavalry |
| 13:22 | Queue | Scout Cavalry |
| 13:32 | Queue | Villager (Male) |
| 13:34 | Build | Farm |
| 13:39 | Queue | Archer |
| 13:52 | Queue | Villager (Male) |
| 14:04 | Queue | Scout Cavalry |
| 14:05 | Queue | Villager (Male) |
| 14:07 | Queue | Villager (Male) |
| 14:07 | Queue | Villager (Male) |
| 14:08 | Build | Farm |
| 14:09 | Build | Farm |
| 14:10 | Build | Farm |
| 14:16 | Build | House |
| 14:29 | Build | Mining Camp |
| 14:29 | Queue | Villager (Male) |
| 14:31 | Queue | Archer |
| 14:58 | Queue | Villager (Male) |
| 15:08 | Build | Blacksmith |
| 15:08 | Queue | Villager (Male) |
| 15:09 | Queue | Villager (Male) |
| 15:12 | Queue | Scout Cavalry |
| 15:14 | Queue | Archer |
| 15:20 | Queue | Villager (Male) |
| 15:24 | Build | House |
| 15:26 | Build | House |
| 15:31 | Queue | Villager (Male) |
| 15:31 | Queue | Villager (Male) |
| 15:33 | Build | House |
| 15:34 | Queue | Villager (Male) |
| 15:34 | Build | House |
| 15:36 | Build | Palisade Wall |
| 15:37 | Queue | Villager (Male) |
| 15:41 | Queue | Archer |
| 15:58 | Queue | Archer |
| 16:03 | Build | Farm |
| 16:03 | Queue | Villager (Male) |
| 16:08 | Queue | Villager (Male) |
| 16:08 | Queue | Villager (Male) |
| 16:29 | Queue | Archer |
| 16:42 | Research | Fletching |
| 16:43 | Queue | Villager (Male) |
| 16:47 | Queue | Villager (Male) |
| 16:50 | Build | Farm |
| 16:50 | Queue | Villager (Male) |
| 16:57 | Queue | Villager (Male) |
| 16:57 | Queue | Villager (Male) |
| 16:59 | Build | Archery Range |
| 17:05 | Research | Padded Archer Armor |
| 17:05 | Research | Padded Archer Armor |
| 17:07 | Queue | Archer |
| 17:16 | Queue | Villager (Male) |
| 17:17 | Queue | Villager (Male) |
| 17:27 | Queue | Villager (Male) |
| 17:29 | Build | Farm |
| 17:31 | Research | Wheelbarrow |
| 17:32 | Research | Wheelbarrow |
| 17:32 | Queue | Villager (Male) |
| 17:48 | Queue | Villager (Male) |
| 17:49 | Build | Farm |
| 17:51 | Build | Farm |
| 17:51 | Queue | Villager (Male) |
| 17:56 | Queue | Archer |
| 17:56 | Queue | Villager (Male) |
| 17:59 | Queue | Villager (Male) |
| 17:59 | Queue | Villager (Male) |
| 18:05 | Build | Lumber Camp |
| 18:11 | Queue | Villager (Male) |
| 18:18 | Queue | Archer |
| 18:45 | Queue | Archer |
| 18:55 | Queue | Villager (Male) |
| 19:11 | Queue | Villager (Male) |
| 19:12 | Queue | Villager (Male) |
| 19:13 | Build | Market |
| 19:28 | Queue | Archer |
| 19:29 | Queue | Villager (Male) |
| 19:32 | Build | Mining Camp |
Build order — gupo57
First 150 of 287 actions detected
| 0:00 | Queue | Villager (Male) |
| 0:02 | Build | House |
| 0:02 | Queue | Villager (Male) |
| 0:04 | Build | House |
| 0:18 | Queue | Villager (Male) |
| 0:25 | Queue | Villager (Male) |
| 0:25 | Queue | Villager (Male) |
| 0:25 | Queue | Villager (Male) |
| 1:03 | Queue | Villager (Male) |
| 1:20 | Build | House |
| 1:57 | Queue | Villager (Male) |
| 1:57 | Queue | Villager (Male) |
| 1:57 | Queue | Villager (Male) |
| 1:58 | Queue | Villager (Male) |
| 2:15 | Queue | Villager (Male) |
| 2:51 | Build | House |
| 3:06 | Queue | Villager (Male) |
| 3:34 | Build | Settlement |
| 3:37 | Queue | Villager (Male) |
| 3:37 | Queue | Villager (Male) |
| 3:37 | Queue | Villager (Male) |
| 3:56 | Queue | Villager (Male) |
| 3:57 | Queue | Villager (Male) |
| 3:57 | Queue | Villager (Male) |
| 3:57 | Queue | Villager (Male) |
| 5:15 | Queue | Villager (Male) |
| 5:15 | Queue | Villager (Male) |
| 5:16 | Queue | Villager (Male) |
| 5:16 | Queue | Villager (Male) |
| 5:32 | Build | Barracks |
| 5:38 | Build | House |
| 6:32 | Queue | Unit 2550 |
| 6:32 | Queue | Unit 2550 |
| 6:46 | Build | Settlement |
| 6:52 | Build | Settlement |
| 7:20 | Queue | Unit 2550 |
| 7:36 | Research | Loom |
| 7:57 | Queue | Villager (Male) |
| 8:07 | Build | Settlement |
| 8:31 | Research | Feudal Age |
| 9:32 | Queue | Unit 2550 |
| 10:18 | Queue | Unit 2550 |
| 10:41 | Age | Feudal Age |
| 10:44 | Research | Tech 1402 |
| 10:45 | Queue | Villager (Male) |
| 10:46 | Research | Double-Bit Axe |
| 10:47 | Queue | Villager (Male) |
| 10:51 | Build | Watch Tower |
| 11:13 | Build | Watch Tower |
| 11:45 | Queue | Villager (Male) ×2 |
| 12:05 | Queue | Villager (Male) |
| 12:06 | Queue | Villager (Male) |
| 12:30 | Build | Farm |
| 12:32 | Build | Farm |
| 12:34 | Queue | Villager (Male) |
| 13:30 | Queue | Unit 2550 |
| 13:32 | Queue | Villager (Male) ×2 |
| 13:43 | Build | Farm |
| 13:43 | Build | Farm |
| 13:49 | Queue | Unit 2550 |
| 14:00 | Build | Watch Tower |
| 14:23 | Queue | Unit 2550 |
| 14:23 | Queue | Villager (Male) |
| 14:23 | Queue | Villager (Male) |
| 14:53 | Research | Arson |
| 15:06 | Queue | Villager (Male) |
| 15:08 | Build | Farm |
| 15:30 | Queue | Villager (Male) |
| 15:30 | Queue | Villager (Male) |
| 15:34 | Queue | Spearman |
| 15:39 | Build | Watch Tower |
| 16:14 | Queue | Villager (Male) |
| 16:15 | Queue | Villager (Male) |
| 16:41 | Build | Watch Tower |
| 16:45 | Queue | Villager (Male) |
| 16:45 | Queue | Villager (Male) |
| 16:54 | Build | Watch Tower |
| 16:56 | Build | Farm |
| 17:11 | Queue | Villager (Male) |
| 17:11 | Queue | Villager (Male) |
| 17:18 | Build | Farm |
| 17:52 | Queue | Villager (Male) |
| 17:52 | Queue | Villager (Male) |
| 18:01 | Build | Watch Tower |
| 18:58 | Build | Watch Tower |
| 19:08 | Queue | Villager (Male) |
| 19:09 | Queue | Villager (Male) |
| 19:15 | Build | Farm |
| 19:39 | Build | Blacksmith |
| 20:03 | Build | Settlement |
| 20:17 | Queue | Villager (Male) |
| 20:17 | Queue | Villager (Male) |
| 20:19 | Build | Farm |
| 20:28 | Build | Farm |
| 20:31 | Research | Fletching |
| 20:53 | Queue | Villager (Male) |
| 20:53 | Queue | Villager (Male) |
| 20:54 | Build | Farm |
| 20:56 | Build | Farm |
| 21:09 | Build | Farm |
| 21:18 | Build | Farm |
| 21:23 | Build | Farm |
| 21:38 | Build | Farm |
| 21:42 | Build | Farm |
| 21:52 | Queue | Villager (Male) |
| 22:15 | Research | Scale Mail Armor |
| 22:17 | Queue | Unit 2550 |
| 22:18 | Queue | Unit 2550 |
| 22:20 | Build | Market |
| 22:25 | Queue | Villager (Male) |
| 22:49 | Queue | Villager (Male) |
| 22:50 | Queue | Villager (Male) |
| 22:52 | Build | Farm |
| 22:55 | Build | Farm |
| 22:57 | Queue | Unit 2550 |
| 23:50 | Queue | Villager (Male) |
| 23:52 | Build | Farm |
| 23:58 | Build | Farm |
| 24:11 | Build | Farm |
| 24:28 | Research | Castle Age |
| 24:33 | Build | Farm |
| 24:36 | Build | Watch Tower |
| 24:59 | Build | Stone Wall |
| 25:02 | Build | Stone Wall |
| 25:07 | Build | Stone Wall |
| 25:24 | Build | Stone Wall |
| 25:40 | Build | Stone Wall |
| 26:03 | Build | Farm |
| 26:17 | Queue | Unit 2550 |
| 26:17 | Queue | Unit 2550 |
| 26:19 | Research | Forging |
| 26:29 | Build | Watch Tower |
| 27:00 | Build | Farm |
| 27:05 | Queue | Unit 2550 |
| 27:08 | Age | Castle Age |
| 27:19 | Research | Tech 1351 |
| 27:25 | Build | Barracks |
| 27:30 | Build | Farm |
| 27:51 | Research | Chain Mail Armor |
| 27:52 | Queue | Villager (Male) |
| 27:52 | Queue | Villager (Male) |
| 27:56 | Build | Farm |
| 27:58 | Build | Farm |
| 27:58 | Queue | Villager (Male) |
| 27:59 | Queue | Villager (Male) |
| 28:04 | Research | Squires |
| 28:25 | Queue | Unit 2550 |
| 28:26 | Queue | Unit 2550 |
| 28:27 | Build | Farm |
| 28:49 | Queue | Unit 2550 |
Match timeline
| 5:32 | gupo57 · first_building Barracks |
| 8:01 | alphaa · first_building Barracks |
| 8:50 | alphaa · age_up feudal |
| 9:08 | alphaa · first_building Stable |
| 10:41 | gupo57 · age_up feudal |
| 11:23 | alphaa · first_building Archery Range |
| 15:36 | alphaa · wall_segment Palisade Wall x1 |
| 20:52 | alphaa · first_market_sell 100 wood |
| 20:54 | alphaa · first_market_buy 100 food |
| 23:19 | gupo57 · first_market_buy 100 food |
| 23:39 | alphaa · age_up castle |
| 23:40 | alphaa · first_building Siege Workshop |
| 24:40 | alphaa · first_building Castle |
| 24:59 | gupo57 · wall_segment Stone Wall x2 |
| 25:02 | gupo57 · wall_segment Stone Wall x1 |
| 25:07 | gupo57 · wall_segment Stone Wall x1 |
| 25:24 | gupo57 · wall_segment Stone Wall x1 |
| 25:40 | gupo57 · wall_segment Stone Wall x1 |
| 27:08 | gupo57 · age_up castle |
| 29:34 | gupo57 · first_building Monastery |
| 36:39 | gupo57 · first_building Castle |
| 41:54 | alphaa · age_up imperial |
| 43:49 | alphaa · first_building Monastery |
| 43:50 | gupo57 · age_up imperial |
| 48:24 | gupo57 · resign |
[ AI ANALYSIS · 1 CREDIT ]
What really happened in this match?
Wolo.gg analyzes every decision: build order, eco, micro, common mistakes by bracket. Personalized analysis on WhatsApp or Discord in 30 seconds.
Civ guide
Chinese
Perfil
Jugador #1215099